Cogmind - Beta 14 @@@ ROGUE MODE // 2025.03.04 @ 22:18:03 Player: DietSnapple Result: Destroyed by Y-54 Guardian with Gatling Laser Performance ------------- Evolutions (3) 1500 Regions Visited (4) 800 Robots Destroyed (45) 225 Value Destroyed (1196) 1196 Prototype IDs (0) 0 Alien Tech Used (0) 0 Bonus (95) 95 TOTAL SCORE: 3816 Bonus ------- High Alert Combat Kills 95 Cogmind --------- Core Integrity 0/700 Matter 196/300 Energy 42/100 System Corruption 12% Temperature Cool (12) Movement Core (50) Location -7/Factory Parts ------- > --- POWER (2) -------- (None) > --- PROPULSION (4) --- (None) > --- UTILITY (5) ------ Improved Terrain Scan Processor > --- WEAPON (2) ------- (None) > --- INVENTORY (5) ---- Armored Treads Disposable Heat Sink Weight Redist. System ECM Suite Improved Propulsion Shielding Peak State ------------ > --- POWER ------------ Ion Engine > --- PROPULSION ------- Cesium-ion Thruster Cesium-ion Thruster Cesium-ion Thruster Cesium-ion Thruster > --- UTILITY ---------- Small Storage Unit Sensor Array Signal Interpreter Recoil Stabilizer > --- WEAPON ----------- Plasma Cannon Light Assault Rifle > --- INVENTORY -------- Cesium-ion Thruster Huge Storage Unit Improved Terrain Scanner Targeting Computer Plasma Cannon Gauss Cannon Gauss Cannon [Rating: 26] Favorites ----------- Power Light Ion Engine Engine Light Ion Engine Propulsion Cesium-ion Thruster Treads Light Treads Leg Aluminum Leg Wheel Armored Wheel Flight Unit Cesium-ion Thruster Utility ECM Suite Device ECM Suite Storage Small Storage Unit Processor Improved Terrain Scan Processor Hackware Hacking Suite Weapon Light Assault Rifle Energy Cannon Heavy Particle Cannon Ballistic Gun Light Assault Rifle Ballistic Cannon Gauss Cannon Launcher Grenade Launcher Build | -11 -10 -9 -8 -7 ------- Run | Yrd Mat Mat Mat Fac Slots Evolved 6 | . . 2 2 2 Power 1 | . . . . 1 Propulsion 2 | . . . 2 . Utility 3 | . . 2 . 1 Weapon . | . . . . . Parts Attached 60 | 7 6 12 24 11 Power 5 | 1 . 2 1 1 Engine 5 | 1 . 2 1 1 Core . | . . . . . Reactor . | . . . . . Propulsion 19 | 2 2 4 6 5 Treads 4 | 2 . . . 2 Leg 1 | . . . 1 . Wheel 7 | . 2 . 2 3 Hover . | . . . . . Flight 7 | . . 4 3 . Utility 21 | 2 2 5 10 2 Device 12 | 1 . 3 7 1 Storage 4 | 1 2 . 1 . Processor 4 | . . 2 2 . Hackware 1 | . . . . 1 Protection . | . . . . . Artifact . | . . . . . Weapon 15 | 2 2 1 7 3 Energy Gun . | . . . . . Energy Cannon 4 | . . . 4 . Ballistic Gun 7 | 2 1 1 2 1 Ballistic Cannon 2 | . . . 1 1 Launcher 2 | . 1 . . 1 Special Weapon . | . . . . . Impact Weapon . | . . . . . Slashing Weapon . | . . . . . Piercing Weapon . | . . . . . Special Melee Weapon . | . . . . . Unidentified Prototypes . | . . . . . Corrupted Parts 2 | . . . . 2 System Corruption 12 | . . . . 12 Parts Lost 34 | . 4 3 12 15 Power 5 | . 1 1 2 1 Propulsion 12 | . 1 1 5 5 Utility 9 | . . 1 4 4 Weapon 8 | . 2 . 1 5 Highest Loss Streak 10 | . 2 3 4 10 To Critical Strikes . | . . . . . Average Slot Usage (%) 74 | . 88 88 60 62 Engine 4 | . 7 5 3 2 Treads 6 | . 26 . . . Leg 1 | . . . 4 . Wheel 3 | . . . 1 11 Flight 7 | . . 20 9 . Device 18 | . 14 22 15 20 Storage 6 | . 14 11 2 . Processor 5 | . . 8 6 7 Hackware 1 | . . . . 4 Energy Cannon 6 | . . . 10 13 Ballistic Gun 10 | . 23 18 2 . Ballistic Cannon 1 | . . . 4 . Peak Build Rating 26 | 9 9 22 26 22 Average Rating 14 | 5 8 18 16 17 On Entrance 9 | . 9 7 18 15 Naked Turns . | . . . . . Heaviest Build 104 | 12 87 16 104 28 Greatest Support 40 | 40 40 26 28 36 Greatest Overweight (x) 31 | 1 2 5 31 5 Average Overweight (x) . | . . 1 . . Largest Inventory Capacity 25 | 8 25 8 25 5 Average Capacity 7 | 7 8 8 8 5 Most Carried 8 | 2 7 8 8 5 Average Carried 4 | 1 5 7 3 4 Final Capacity 8 | 8 8 8 5 5 Final Carried 7 | 2 4 7 4 5 Class Distribution -------------------- 84% | Mutant 10% | Scavenger-Mutant 5% | Sprinter Dominant Class ---------------- Mutant | -10/Materials Mutant | -9/Materials Mutant | -8/Materials Mutant | -7/Factory Resources | -11 -10 -9 -8 -7 ----------- Run | Yrd Mat Mat Mat Fac Matter Collected 1113 | 326 151 199 337 100 Remotely . | . . . . . Salvage Created 1500 | 202 237 407 502 152 Parts 101 | 16 23 28 26 8 Haulers Intercepted . | . . . . . Recyclers Shooed 5 | 1 2 1 1 . Parts Field Recycled . | . . . . . Retrieved Matter . | . . . . . Parts Self-Destructed . | . . . . . Prevented . | . . . . . Kills | -11 -10 -9 -8 -7 ------- Run | Yrd Mat Mat Mat Fac Combat Hostiles Destroyed 36 | . 7 10 13 6 Guns 18 | . 7 10 1 . Cannons 16 | . . . 12 4 AOE 2 | . . . . 2 Classes Destroyed 9 | 3 3 1 2 . Worker 2 | 2 . . . . Builder 1 | . . . 1 . Tunneler 3 | 3 . . . . Recycler 1 | 1 . . . . Watcher 2 | . 1 1 . . Swarmer 15 | . 3 3 3 6 Grunt 15 | . 4 5 6 . Brawler 1 | . . . 1 . Sentry 5 | . . 2 3 . Best Kill Streak 5 | 3 3 2 5 3 Combat Bots Only 5 | . 3 2 5 3 Max Kills in Single Turn 2 | 1 1 1 1 2 Gunslinging . | . . . . . Exploded 2 | . . . . 2 Melee . | . . . . . Uniques/NPCs Destroyed . | . . . . . Combat | -11 -10 -9 -8 -7 -------- Run | Yrd Mat Mat Mat Fac Hostile Shots Fired 582 | . 79 53 138 312 Missed 213 | . 16 16 54 127 Damage Taken 4138 | . 696 450 1110 1882 Core 1264 | . 132 91 334 707 Absorbed by Shields . | . . . . . Core Remaining (%) 65 | 100 47 77 39 . Volleys Fired 148 | 15 41 31 43 18 Largest 2 | 2 2 2 2 2 Hottest 150 | 40 50 43 128 150 Shots Fired 240 | 30 52 57 78 23 Gun 152 | 30 50 57 14 1 Cannon 85 | . . . 64 21 Launcher 3 | . 2 . . 1 Special . | . . . . . Kinetic 175 | 30 50 57 35 3 Thermal 62 | . . . 43 19 Explosive 2 | . 2 . . . Electromagnetic 1 | . . . . 1 Robot Hit Streak 11 | 5 8 7 11 5 Robot Miss Streak 4 | 2 3 4 4 3 Penetration Max . | . . . . . Secondary Targets 1 | . . 1 . . Max Gunslinging Chain 1 | . . 1 . . Shots Hit Robots 144 | 19 34 35 46 10 Core Hits 71 | 8 15 21 21 6 Critical Kills . | . . . . . Critical Parts Destroyed . | . . . . . Critical Strikes 3 | . . . 3 . Blast 3 | . . . 3 . Melee Attacks . | . . . . . Impact . | . . . . . Slashing . | . . . . . Piercing . | . . . . . Sneak Attacks . | . . . . . Combat Hostiles . | . . . . . Follow-up Attacks . | . . . . . Damage Inflicted 2482 | 204 369 413 1167 329 Guns 1073 | 204 365 413 91 . Cannons 1324 | . . . 1074 250 Explosions 79 | . . . . 79 Melee . | . . . . . Ramming 6 | . 4 . 2 . Kinetic 1416 | 204 365 413 434 . Thermal 981 | . . . 731 250 Explosive . | . . . . . Electromagnetic 79 | . . . . 79 Impact . | . . . . . Slashing . | . . . . . Piercing . | . . . . . Highest Corruption 12 | . . . 1 12 Average Corruption 1 | . . . 1 5 Corruption Purged . | . . . . . Corruption Blocked . | . . . . . Effects 6 | . . . 6 . Message Errors 3 | . . . 3 . Matter Fused 1 | . . . 1 . Energy Discharges 1 | . . . 1 . Data Loss (minor) 1 | . . . 1 . Overload Shots . | . . . . . Overflow Damage 17 | . . . 17 . Projectiles 17 | . . . 17 . Explosions . | . . . . . Melee . | . . . . . Knockbacks 2 | . . . 2 . Impact . | . . . . . Kinetic 2 | . . . 2 . Secondary . | . . . . . Self-Inflicted Damage . | . . . . . Shots . | . . . . . Rammed 2 | . 1 . . 1 Targets Rammed 3 | . 1 . 1 1 Kicked 1 | . . . 1 . Crushed . | . . . . . Highest Temperature 460 | . 7 13 460 168 Average Temperature 87 | . 1 6 103 57 Received Heat Transfer 1311 | . 330 207 468 306 Effects 2 | . . . 2 . Matter Decay 2 | . . . 2 . Siege Activations . | . . . . . Robots Corrupted . | . . . . . Combat Hostiles . | . . . . . Parts Fried . | . . . . . Impact Corruptions . | . . . . . Robots Melted . | . . . . . Combat Hostiles . | . . . . . Parts Melted 3 | . . . 2 1 Heat Transferred 1820 | . . . 1450 370 Parts Sabotaged . | . . . . . Parts Stolen . | . . . . . Parts Stripped . | . . . . . Power Chain Reactions 1 | . . . . 1 Alert | -11 -10 -9 -8 -7 ------- Run | Yrd Mat Mat Mat Fac Peak Influence 583 | 30 123 246 583 194 Initial 149 | . 19 27 103 149 Average 147 | 13 58 80 381 92 Maximum Alert Level 2 | . . 1 2 . Low Security (%) 77 | 100 100 91 15 100 Level 1 10 | . . 8 33 . Level 2 12 | . . . 50 . Level 3 . | . . . . . Level 4 . | . . . . . Level 5 . | . . . . . High Security . | . . . . . Max Security . | . . . . . Squads Dispatched 4 | . 1 1 1 1 Investigation . | . . . . . Extermination 1 | . . . . 1 Reinforcement 3 | . 1 1 1 . Assault . | . . . . . Garrison . | . . . . . Intercept . | . . . . . Searches Triggered . | . . . . . Construction Impeded . | . . . . . Haulers Reinforced . | . . . . . Active Scanning Responses . | . . . . . Cargo Convoy Interrupts . | . . . . . Stealth | -11 -10 -9 -8 -7 --------- Run | Yrd Mat Mat Mat Fac Distress Signals 5 | . . 3 1 1 Communications Jammed . | . . . . . Distress Signals . | . . . . . Times Spotted 79 | . 11 18 36 14 Peak Tracking Total 11 | . 4 5 11 5 Tactical Retreats 10 | . . 3 4 3 Traps | -11 -10 -9 -8 -7 ------- Run | Yrd Mat Mat Mat Fac Traps Triggered 1 | . . . . 1 Indirectly . | . . . . . Trap Hack Attempts . | . . . . . Triggered . | . . . . . Disarmed . | . . . . . Reprogrammed . | . . . . . Reused . | . . . . . Traps Extracted . | . . . . . Installed . | . . . . . Triggered . | . . . . . Machines | -11 -10 -9 -8 -7 ---------- Run | Yrd Mat Mat Mat Fac Machines Disabled . | . . . . . Max in Single Turn . | . . . . . Machines Repaired . | . . . . . Machines Dismantled . | . . . . . Machines Sabotaged . | . . . . . Overloaded Fab Kills . | . . . . . Hacking | -11 -10 -9 -8 -7 --------- Run | Yrd Mat Mat Mat Fac Machines Accessed 1 | . 1 . . . Terminals 1 | . 1 . . . Fabricators . | . . . . . Repair Stations . | . . . . . Recycling Units . | . . . . . Scanalyzers . | . . . . . Garrison Access . | . . . . . Total Hacks 2 | . 2 . . . Successful . | . . . . . Failed 2 | . 2 . . . Catastrophic 1 | . 1 . . . Database Lockouts . | . . . . . Manual 1 | . 1 . . . Terminals 2 | . 2 . . . Fabricators . | . . . . . Repair Stations . | . . . . . Recycling Units . | . . . . . Scanalyzers . | . . . . . Garrison Access . | . . . . . Terminal Hacks . | . . . . . Fabricator Hacks . | . . . . . Repair Station Hacks . | . . . . . Recycling Unit Hacks . | . . . . . Scanalyzer . | . . . . . Garrison Access Hacks . | . . . . . Unauthorized Hacks . | . . . . . Terminals . | . . . . . Fabricators . | . . . . . Repair Stations . | . . . . . Recycling Units . | . . . . . Scanalyzers . | . . . . . Garrison Access . | . . . . . Data Cores Recovered . | . . . . . Used . | . . . . . Hacking Detections 1 | . 1 . . . Full Trace Events . | . . . . . Feedback Events . | . . . . . Feedback Blocked . | . . . . . Robot Schematics Acquired . | . . . . . Robots Built . | . . . . . Authchips . | . . . . . Time . | . . . . . Total Robot Build Rating . | . . . . . Part Schematics Acquired . | . . . . . Parts Built . | . . . . . Authchips . | . . . . . Time . | . . . . . Total Part Build Rating . | . . . . . Parts Repaired . | . . . . . Time . | . . . . . Parts Recycled . | . . . . . Recycled Matter . | . . . . . Retrieved Matter . | . . . . . Retrieved Components . | . . . . . Parts Scanalyzed . | . . . . . Part Schematics Acquired . | . . . . . Parts Damaged . | . . . . . Bothacking | -11 -10 -9 -8 -7 ------------ Run | Yrd Mat Mat Mat Fac Used RIF Installer . | . . . . . Robots Hacked . | . . . . . Non-combat . | . . . . . Combat . | . . . . . Robot Hacks Applied . | . . . . . Relay Couplers Released . | . . . . . Fabnet Peak Effective % . | . . . . . Robots Rewired . | . . . . . Allies Hacked . | . . . . . Hacks Repelled . | . . . . . Allies | -11 -10 -9 -8 -7 -------- Run | Yrd Mat Mat Mat Fac Total Allies . | . . . . . Largest Group . | . . . . . Highest-Rated Group . | . . . . . Highest-Rated Ally . | . . . . . Total Orders . | . . . . . Ally Attacks . | . . . . . Total Damage . | . . . . . Kills . | . . . . . Allies Corrupted . | . . . . . Allies Melted . | . . . . . Intel | -11 -10 -9 -8 -7 ------- Run | Yrd Mat Mat Mat Fac Robot Analysis Total . | . . . . . Derelict Logs Recovered . | . . . . . Drone Launches . | . . . . . Drone Recoveries . | . . . . . Exploration | -11 -10 -9 -8 -7 ------------- Run | Yrd Mat Mat Mat Fac Turns Passed 3230 | 257 697 699 801 776 Spaces Moved 2285 | 133 371 432 762 587 Core 228 | 9 . 148 1 70 Treads 508 | 124 365 . . 19 Legs 193 | . . . 193 . Wheels 567 | . 6 15 48 498 Hover . | . . . . . Flight 789 | . . 269 520 . Fastest Speed 26 | 50 90 32 26 50 Average Speed 115 | 152 160 121 80 118 Slowest Speed 1635 | 160 320 300 1635 300 Overloaded Moves . | . . . . . Propulsion Burnouts . | . . . . . Robots Hopped 6 | . . . 6 . Cave-ins Triggered . | . . . . . Exploration Rate (%) 26 | 7 45 24 44 11 Regions Visited 4 Branch Regions . Pre-discovered Areas . | . . . . . Known Exits Taken 1 | . . 1 . . Unknown Exits Taken 3 | 1 1 . 1 . Scrap Searched . | . . . . . Spaces Dug . | . . . . . Terrain Destroyed 30 | . 1 . 19 10 Melee . | . . . . . Projectile 21 | . . . 19 2 AOE 9 | . 1 . . 8 Terrain Rammed . | . . . . . Walls Destroyed . | . . . . . Machines Disabled . | . . . . . Actions | -11 -10 -9 -8 -7 --------- Run | Yrd Mat Mat Mat Fac Total 2649 | 157 426 554 873 639 Wait 101 | . . 62 22 17 Move 2269 | 132 370 431 749 587 Hop 6 | . . . 6 . Pick Up 28 | 3 5 9 10 1 Fast Attach 32 | 6 . 7 11 8 Attach 23 | 1 4 4 13 1 Detach 13 | . 2 3 7 1 Swap 5 | . 2 1 . 2 Drop 19 | . 1 6 11 1 Fire 148 | 15 41 31 43 18 Melee . | . . . . . Ram 1 | . . . . 1 Kick 1 | . . . 1 . Crush 1 | . 1 . . . Escape Stasis . | . . . . . Rewire 2 | . . . . 2 Trap . | . . . . . Miscellaneous . | . . . . . Route ------- -11/Scrapyard -10/Materials -9/Materials (discovered 3 exits: *Mat / [*Min] / [*Sto]) -8/Materials -7/Factory History --------- Turn | Location | Event 10 | -11/Scrapyard | Discovered new exit (range 15) 258 | -11/Scrapyard | Entered Materials 310 | -10/Materials | Build established: Mutant 809 | -10/Materials | Discovered new exit (range 15) 872 | -10/Materials | Core integrity fell below 50% 955 | -10/Materials | Entered another Materials area 955 | -9/Materials | Evolved 2 slots: Utility x2 955 | -9/Materials | Discovered new exit (range 16) 1112 | -9/Materials | Discovered new exit (range 15) 1350 | -9/Materials | Lost 3 parts (1p1n1u) 1603 | -9/Materials | Discovered new exit (range 18) 1635 | -9/Materials | Build established: Scavenger-Mutant 1649 | -9/Materials | Identified exit to Materials 1654 | -9/Materials | Entered another Materials area 1654 | -8/Materials | Evolved 2 slots: Propulsion x2 1947 | -8/Materials | Lost 3 parts (1n1u1w) 2014 | -8/Materials | Lost 4 parts (1p1n2u) 2179 | -8/Materials | Build established: Mutant 2191 | -8/Materials | Core integrity fell below 50% 2267 | -8/Materials | Discovered new exit (range 15) 2455 | -8/Materials | Entered Factory 2455 | -7/Factory | Evolved 2 slots: Power x1, Utility x1 3147 | -7/Factory | Lost 3 parts (2u1w) 3184 | -7/Factory | Core integrity fell below 50% 3210 | -7/Factory | Core integrity fell below 20% 3229 | -7/Factory | System corruption reached 10% 3231 | -7/Factory | Destroyed by Y-54 Guardian with Gatling Laser Last Messages --------------- 03221_ K-01 Serf latches onto S-27 Virus. 03221_ K-01 Serf pushes S-27 Virus. 03221_ U-05 Engineer lays Concrete. 03222_ K-01 Serf pushes S-27 Virus. 03222_ U-05 Engineer lays Concrete. 03222_ Magnetic Acceleration Cannon destroyed. 03222_ U-05 Engineer lays Concrete. 03223_ K-01 Serf pushes S-27 Virus. 03223_ U-05 Engineer lays Concrete. 03224_ P-60 Hacker resets S-27 Virus, system corruption cleaned. 03224_ U-05 Engineer lays Concrete. 03225_ P-60 Hacker resets Y-54 Guardian, system corruption cleaned. 03226_ K-01 Serf latches onto S-27 Virus. 03226_ K-01 Serf pushes S-27 Virus. 03226_ U-05 Engineer lays Concrete. 03228_ Acquired Corrupted Hvy. Machine Gun. 03228_ Integrated Corrupted Hvy. Machine Gun (+8). 03228_ U-05 Engineer lays Concrete. 03231_ U-05 Engineer builds a Wall. 03231_ Hvy. Machine Gun destroyed. Map ----- +----------------------------------------------------+ | ?????????????????????????????????????????????????? | | ?????????????????????????????????????????????????? | | ?????????????????????????????????????????????????? | | ?????????????????????????????????????????????????? | | ?????????????????????????????????????????????????? | | ?????????????????????????????????????????????????? | | ?????????????????????????????????????????????????? | | ?????????????????????????????????????????????????? | | ?????????????????????????????????????????????????? | | ?????????????????????????????????????????????????? | | ?????????????????????????????????????????????????? | | ???????????????????????????????? ??????????????? | | ???????????????????????????????? ????????????? | | ???????????????????????????????? ???????????? | | ???????????????????????????????? #???????????? | | ???????????????????????????????# !#???????????? | | ???????????????????????????????# =%#???????????? | | ???????????????????????#####???# !#???????????? | | ??????????????????????## ##### #???????????? | | ?????????????????????## #;;## ## #???????????? | | ?????????"""""""? #??# uu[ # #???????????? | | ?????# #??# # #???????????? | | ?????# """"""""" #??# ===# #???????????? | | ?????# #???# = == # #???????????? | | ?????# """"""""" #???# Yu% = # #???????????? | | ?????# #???# @ s # #???????????? | | ?????# """"""""" #???# " p/ +???????????? | | ?????# #???# """ # #???????????? | | ####?# #???# # #???????????? | | ! #########+################### #???????????? | | # [*%= #???????????? | | # !=*%= #???????????? | | ! # = #???????????? | | + !! ! #???????????? | | " # #???????????? | | " # ###+####################+#####??????????? | | " # # #???# #??????????? | | # # #???# #??????????? | | #### # #???# """"""" #??????????? | | ???# # ] #???# """"""" #??????????? | | ???# # #???# """"""" #??????????? | | #### # #???# """"""" #??????????? | | # ################???# #??????????? | | # #! #???????????? = ?#??????????? | | # # !!!#?????????????########?????????? | | # # ! !!#??????????????# #?????????? | | # # !!!#??????????????# """ #?????????? | | + + [ #??????????????# """ #?????????? | | # #""" ]#????########### """ #?????????? | | # #""" #????# + + #?????????? | +----------------------------------------------------+ Best States ------------- Heat Dissipation 34 Energy Generation 16 Energy Capacity 290 Matter Stores 300 Matter Capacity 300 Sight Range 18 Robot Scan Range 14 Terrain Scan Range 16 Terrain Scan Density 110 ECM Strength 3 Additional Mass Support 6 Evasion (%) 64 Targeting Accuracy 5 Recoil Reduction 12 Offensive Hacking 10 Item Schematics ----------------- None Robot Schematics ------------------ None Fabricated ------------ Nothing Alien Tech Used ----------------- None Achievements -------------- None Challenges ------------ None Game ------ Seed TechMolecularSystem Manual? 0 Play Time 00:37:53 Cumulative 4.7 hours Start 2025.03.04 @ 21:42:53 End 2025.03.04 @ 22:18:03 Sessions 1 Manual Loads 0 Difficulty Rogue Special Mode None Game No. 13 Rogue 6 Adventurer 7 Explorer 0 Win Type - Total 0 Types 0/0/0/0/0/0/0/0/0 Lore% 1 Gallery% 9 Achievement% 7 Wizard Run 0 Options --------- Layout 1 ASCII 0 Keyboard 1 Movement Vi Keybinds 0 Fullscreen 1 Font 24/Smallcaps Map View 76x35 Zoom Use 2% Tactical HUD 1 Map Filters NONE Filters NONE Steam 1 RUN: 00340cd2-6f8a-45af-a675-54aff8295758